 Dungeon Crawl Stone Soup version 0.20.1-1-g8b1a95d (webtiles) character file.

34616 Lanoc the Grappler (level 13, -5/139 HPs)
             Began as a Troll Monk on Dec 13, 2017.
             Was a High Priest of Nemelex Xobeh.
             Killed from afar by a frost giant (68 damage)
             ... with a bolt of cold
             ... on level 14 of the Dungeon.
             The game lasted 01:21:50 (11815 turns).

Lanoc the Grappler (Troll Monk)                    Turns: 11815, Time: 01:21:56

Health: -5/139     AC: 28    Str: 22    XL:     13   Next: 43%
Magic:  18/18      EV: 13    Int:  6    God:    Nemelex Xobeh [*****.]
Gold:   750        SH: 11    Dex: 16    Spells: 12/12 levels left

rFire    . . .     SeeInvis .     - Unarmed
rCold    . . .     Gourm    +   d - +2 shield {AC+3}
rNeg     . . .     Faith    .   x - +2 troll leather armour
rPois    .         Spirit   .   K - +2 hat
rElec    .         Reflect  .   P - +0 cloak
rCorr    .         Harm     .   (gloves unavailable)
MR       .....                  (boots unavailable)
Stlth    ++........             (no amulet)
Regen    1.2/turn               e - +5 ring of protection
MPRegen  0.2/turn               y - ring of Robustness {AC+8}

@: no status effects
A: unfitting armour, claws 3, horns 1, fast metabolism 3, gourmand, regeneration
1, robust 1, shaggy fur 1, tough skin 2
a: Triple Draw, Deal Four, Stack Five, Renounce Religion


You were on level 14 of the Dungeon.
You worshipped Nemelex Xobeh.
Nemelex Xobeh was extremely pleased with you.
You were very full.

You visited 2 branches of the dungeon, and saw 15 of its levels.
You also visited: Sewer.

You collected 772 gold pieces.
You spent 22 gold pieces at shops.

Inventory:

Missiles
 s - 2 tomahawks of returning
 D - 27 large rocks (quivered)
Armour
 d - a +2 shield of protection (worn)
 x - a +2 troll leather armour (worn)
 K - a +2 hat (worn)
 P - a +0 cloak (worn)
Jewellery
 e - a +5 ring of protection (left claw)
 l - an uncursed ring of protection from magic
 v - an uncursed ring of resist corrosion
 y - the ring of Robustness (right claw) {AC+8}
   (You found it on level 13 of the Dungeon)

   [ring of protection]

   It affects your AC (+8).
 S - an uncursed ring of protection from cold
 W - an uncursed ring of poison resistance
 X - an uncursed ring of protection from fire
Wands
 A - a wand of enslavement (7/24)
 G - a wand of confusion (32/48)
 Q - a wand of acid (13/15)
 U - a wand of disintegration (1/24)
 V - a wand of digging (11/24)
Scrolls
 f - 5 scrolls of teleportation
 h - 8 scrolls of identify
 k - 7 scrolls of remove curse
 n - 4 scrolls of recharging
 p - 2 scrolls of blinking
 I - 2 scrolls of fear
Potions
 j - a potion of flight
 m - a potion of cancellation
 r - a potion of agility
 w - a potion of resistance
 E - 4 potions of heal wounds
 F - a potion of brilliance
 H - a potion of haste
 L - 4 potions of curing
 T - a potion of magic
Books
 a - a book of Battle

   Spells                             Type                      Level
   a - Infusion                       Charms                       1
   b - Shroud of Golubria             Charms/Translocation         2
   c - Song of Slaying                Charms                       2
   d - Spectral Weapon                Hexes/Charms                 3
   e - Regeneration                   Charms/Necromancy            3
 N - a book of Callings

   Spells                             Type                      Level
   a - Summon Small Mammal            Summoning                    1
   b - Call Imp                       Summoning                    2
   c - Call Canine Familiar           Summoning                    3
   d - Summon Guardian Golem          Hexes/Summoning              3
   e - Summon Lightning Spire         Summoning/Air                4
   f - Summon Ice Beast               Ice/Summoning                4
Miscellaneous
 g - an ornate deck of destruction
 q - an ornate deck of destruction
 t - a legendary deck of destruction
 u - a plain deck of escape
 B - a sack of spiders
 O - a plain deck of destruction
 Y - an ornate deck of destruction
 Z - a legendary deck of escape
Comestibles
 b - 11 bread rations
 c - 9 royal jellies
 i - 3 meat rations
 o - 4 fruits
 z - 6 chunks of flesh


   Skills:
 + Level 7.7 Fighting
 + Level 7.9 Throwing
 + Level 2.4 Armour
 * Level 8.7 Dodging
 - Level 1.0 Stealth
 + Level 2.4 Shields
 * Level 12.8 Unarmed Combat
 + Level 8.0 Invocations
 + Level 5.0 Evocations


You had 12 spell levels left.
You didn't know any spells.

Dungeon Overview and Level Annotations

Branches:
Dungeon (14/15)            Temple (1/1) D:7            Lair (0/6) D:11
    Orc (0/2) D:10         Vaults (0/5) D:13

Altars:
Ashenzari
Cheibriados
Dithmenos
Elyvilon
Fedhas
Gozag
Hepliaklqana
Kikubaaqudgha
Makhleb
Nemelex Xobeh
Okawaru
Qazlal
Ru
Sif Muna
Trog
Uskayaw
Vehumet
Xom
Yredelemnul
Zin
The Shining One
Beogh

Shops:
D:12 *


Innate Abilities, Weirdness & Mutations

You are too large for most types of armour.
You have claws for hands.
Your metabolism is lightning-fast.
You like to eat raw meat.
Your natural rate of healing is unusually fast.
You are covered in fur. (AC +1)
You have very tough skin. (AC +2)
You have a pair of small horns on your head.
You are robust. (+10% HP)


Message History

The large rock barely misses the frost giant.
The frost giant gestures at you while chanting.
The bolt of cold hits your hell hound.
Your hell hound is frozen!
Your hell hound dies!
Your hell hound's corpse disappears in a puff of smoke!
The bolt of cold hits you!
Evoke which item? (* to show all) (? for menu, Esc to quit)
You draw a card...
It is Foxfire.
The insubstantial wisp thrums sharply.
You are struck by lightning.
The lightning arcs!
Your insubstantial wisp barely misses the frost giant.
Evoke which item? (* to show all) (? for menu, Esc to quit)
You draw a card...
It is the Illusion.
The deck of cards disappears without a trace.
Suddenly you stand beside yourself.
The frost giant points at you and mumbles some strange words.
The bolt of cold hits you!
You die...
Your body disappears without a glow.

#############
###...........###
##....##.#.##....##
##......#.[.#..)...##
##...#############.).##
#...##...#().#...##=..#
##..##.@.##.#.##(..##..#
#...#..v............#...
#...#..@#########...#...
#..###v.####...h....#...
##..#v.###|...4....##†.#
#...#.C.##|....#..##...#
#..###..#)..#.#####...##
#...#..9##.....#.....##
##..#.(###).........##
#..###..####......###
#...#.(.################


You could see a frost giant, an insubstantial wisp, 2 friendly insubstantial
wisps and the friendly Lanoc's illusion.

Vanquished Creatures
  A storm dragon (D:14)
  An orc warlord (D:14)
  Snorg (D:12)
  An ettin (D:14)
  A fire dragon (D:14)
  A great orb of eyes (D:14)
  A centaur warrior (D:14)
  A spark wasp (D:14)
  A two-headed ogre (D:14)
  A satyr (D:14)
  3 tengu warriors (D:14)
  A deep troll earth mage (D:14)
  A wizard (D:14)
  5 cyclopes (D:14)
  A deep elf mage (D:14)
  2 necromancers (D:13)
  Psyche (D:8)
  Maurice (D:8)
  2 centaur zombies
  Joseph (D:8)
  A kobold demonologist (D:13)
  2 komodo dragons
  A queen bee (D:13)
  A meliai (D:13)
  2 trolls (D:13)
  2 hornets
  A wolf spider simulacrum (D:14)
  A tengu conjurer (D:14)
  A spriggan (D:10)
  A shadow (D:11)
  The ghost of Ymberto the Magician, an amateur DEFE of Sif Muna (D:4)
  A vampire (D:9)
  12 yaks
  A wraith (D:11)
  2 wyverns (D:9)
  A soldier ant (D:13)
  An acid dragon (D:11)
  A water moccasin (D:8)
  A porcupine (D:11)
  5 orc warriors
  3 black bears (D:11)
  4 ice beasts
  5 sky beasts
  3 necrophages
  4 ogres
  3 phantoms
  12 centaurs
  7 big kobolds
  The ghost of bmj180 the Digger, an amateur GrEE (D:3)
  10 bullfrogs
  A gnoll sergeant (D:8)
  6 scorpions
  4 killer bees (D:13)
  8 howler monkeys
  7 crimson imps
  6 jellies
  2 bullfrog zombies
  2 quasits
  5 hounds
  4 centaur skeletons
  2 orc priests (D:10)
  4 iguanas
  8 orc wizards
  9 worker ants
  2 worker ant zombies
  13 gnolls
  A howler monkey skeleton (D:9)
  15 adders
  2 river rats
  3 shadow imps
  7 oozes
  An adder zombie (D:6)
  An adder skeleton (D:4)
  5 worms
  4 dart slugs
  6 leopard geckos
  34 orcs
  9 bats
  10 giant cockroaches
  2 goblins (D:2)
  12 hobgoblins
  12 jackals
  4 quokkas
  10 ball pythons
  8 frilled lizards
  A jackal skeleton (D:5)
  14 kobolds
  A leopard gecko skeleton (D:6)
  14 rats
  A plant (D:5)
379 creatures vanquished.

Vanquished Creatures (collateral kills)
  A fire dragon (D:14)
  The ghost of kalagan the Spear-Bearer, a novice OgFi of Okawaru (D:8)
  A rakshasa (D:14)
  A satyr (D:14)
  5 two-headed ogres
  A deep troll earth mage (D:14)
  A deep troll (D:11)
  6 ugly things
  A deep elf mage (D:13)
  3 cyclopes
  A troll (D:13)
  A meliai (D:13)
  Prince Ribbit (D:8)
  A hippogriff (D:9)
  A dream sheep (D:14)
  A slime creature (D:14)
  A yak (D:14)
  A hungry ghost (D:13)
  An orc warrior (D:13)
  A centaur (D:4)
  9 killer bees (D:13)
  2 orc priests (D:8)
  2 orc wizards
  An adder (D:10)
  6 orcs
  A fungus (D:11)
52 creatures vanquished.

Vanquished Creatures (others)
  A meliai (D:13)
  A yak (D:13)
  An orc warrior (D:10)
  A human (D:2)
  An orc wizard (D:10)
  3 orc priests (D:10)
  2 ball lightnings (D:14)
  3 orcs (D:10)
  3 kobolds (D:13)
  11 fungi (D:11)
27 creatures vanquished.

Grand Total: 458 creatures vanquished

Notes
Turn   | Place    | Note
-------+----------+-------------------------------------------
     0 | D:1      | Lanoc the Troll Monk began the quest for the Orb.
     0 | D:1      | Reached XP level 1. HP: 22/22 MP: 0/0
   394 | D:1      | Reached XP level 2. HP: 29/29 MP: 1/1
   667 | D:1      | Reached XP level 3. HP: 36/36 MP: 2/2
   959 | D:2      | Found an ancient bone altar of Kikubaaqudgha.
   964 | D:2      | Found a sparkling altar of Nemelex Xobeh.
  1002 | D:2      | Noticed a human
  1003 | D:2      | Killed a human
  1101 | D:2      | Reached skill level 4 in Unarmed Combat
  1182 | D:2      | Found a faded altar of an unknown god.
  1220 | D:2      | Reached skill level 1 in Throwing
  1220 | D:2      | Reached XP level 4. HP: 44/44 MP: 3/3
  1721 | D:2      | Became a worshipper of Nemelex Xobeh the Trickster
  1721 | D:2      | Received a gift from Nemelex Xobeh
  1721 | D:2      | Received a gift from Nemelex Xobeh
  1721 | D:2      | Reached * piety under Nemelex Xobeh
  1721 | D:2      | Received a gift from Nemelex Xobeh
  1721 | D:2      | Reached ** piety under Nemelex Xobeh
  1785 | D:3      | Noticed bmj180's ghost (amateur GrEE)
  1793 | D:3      | Killed bmj180's ghost
  1793 | D:3      | Reached XP level 5. HP: 47/53 MP: 4/4
  2072 | D:3      | Reached skill level 1 in Invocations
  2148 | D:3      | Reached skill level 5 in Unarmed Combat
  2148 | D:3      | Reached XP level 6. HP: 47/61 MP: 5/5
  2343 | D:3      | Received a gift from Nemelex Xobeh
  2781 | D:4      | Reached *** piety under Nemelex Xobeh
  3089 | D:4      | Noticed Ymberto's ghost (amateur DEFE)
  3098 | D:4      | Killed Ymberto's ghost
  3098 | D:4      | Reached XP level 7. HP: 63/67 MP: 7/7
  3191 | D:4      | Gained mutation: You have a pair of small horns on your head. [potion of mutation]
  3191 | D:4      | Gained mutation: You are robust. (+10% HP) [potion of mutation]
  3195 | D:4      | Reached skill level 6 in Unarmed Combat
  3559 | D:5      | Entered Level 5 of the Dungeon
  3581 | D:5      | Found a radiant altar of Vehumet.
  3610 | D:5      | Received a gift from Nemelex Xobeh
  3799 | D:5      | Found a glowing drain.
  3819 | Sewer    | Entered a sewer
  4008 | Sewer    | Reached XP level 8. HP: 85/85 MP: 8/8
  4328 | Sewer    | Reached skill level 7 in Unarmed Combat
  4997 | D:6      | Reached **** piety under Nemelex Xobeh
  5377 | D:6      | Received a gift from Nemelex Xobeh
  5495 | D:6      | Reached XP level 9. HP: 92/93 MP: 10/10
  5668 | D:7      | Reached skill level 8 in Unarmed Combat
  5852 | D:7      | Reached skill level 5 in Dodging
  5890 | D:7      | Found a staircase to the Ecumenical Temple.
  5899 | Temple   | Entered the Ecumenical Temple
  5899 | Temple   | Received a gift from Nemelex Xobeh
  6460 | D:8      | Noticed kalagan's ghost (novice OgFi)
  6475 | D:8      | Killed kalagan's ghost
  6475 | D:8      | Reached skill level 5 in Fighting
  6524 | D:8      | Noticed Prince Ribbit
  6531 | D:8      | Killed Prince Ribbit
  6531 | D:8      | Reached skill level 9 in Unarmed Combat
  6562 | D:8      | Reached skill level 5 in Invocations
  6568 | D:8      | Reached ***** piety under Nemelex Xobeh
  6581 | D:8      | Noticed Maurice
  6587 | D:8      | Killed Maurice
  6610 | D:8      | Reached XP level 10. HP: 99/105 MP: 12/12
  6711 | D:8      | Noticed Joseph
  6724 | D:8      | Killed Joseph
  6724 | D:8      | Reached skill level 5 in Throwing
  6818 | D:8      | Noticed Psyche
  6828 | D:8      | Killed Psyche
  6989 | D:9      | Reached skill level 1 in Evocations
  7077 | D:9      | Found a blossoming altar of Fedhas.
  7432 | D:9      | Reached skill level 10 in Unarmed Combat
  7524 | D:9      | Noticed a two-headed ogre
  7534 | D:9      | Killed a two-headed ogre
  7649 | D:9      | Found an opulent altar of Gozag.
  7650 | D:9      | Found a glowing golden altar of the Shining One.
  7651 | D:9      | Found a shattered altar of Ashenzari.
  7654 | D:9      | Found a shimmering altar of Xom.
  7655 | D:9      | Found a basalt altar of Yredelemnul.
  7797 | D:9      | Noticed a two-headed ogre
  7804 | D:9      | Killed a two-headed ogre
  7846 | D:10     | Entered Level 10 of the Dungeon
  7971 | D:10     | Noticed a two-headed ogre
  7981 | D:10     | Killed a two-headed ogre
  7983 | D:10     | Found a staircase to the Orcish Mines.
  8018 | D:10     | Received a gift from Nemelex Xobeh
  8021 | D:10     | Reached XP level 11. HP: 98/115 MP: 14/14
  8047 | D:10     | Found a roughly hewn altar of Beogh.
  8091 | D:10     | Found a sacrificial altar of Ru.
  8116 | D:10     | Found a sacrificial altar of Ru.
  8197 | D:10     | Received a gift from Nemelex Xobeh
  8729 | D:11     | Found a staircase to the Lair.
  8755 | D:11     | Received a gift from Nemelex Xobeh
  9020 | D:11     | Noticed Fannar
  9022 | D:11     | Noticed Fannar
  9022 | D:11     | Fannar changed into Fannar the deep troll
  9027 | D:11     | Killed Fannar the deep troll
  9255 | D:11     | Found a glowing golden altar of the Shining One.
  9354 | D:12     | Reached skill level 11 in Unarmed Combat
  9359 | D:12     | Received a gift from Nemelex Xobeh
  9365 | D:12     | Noticed Snorg
  9376 | D:12     | Killed Snorg
  9579 | D:12     | Received a gift from Nemelex Xobeh
  9602 | D:12     | Found Rutiycwe's Assorted Antiques.
  9611 | D:12     | Bought a silvery potion for 22 gold pieces
 10127 | D:13     | Noticed a green ugly thing
 10132 | D:13     | Killed a green ugly thing
 10233 | D:13     | Noticed a two-headed ogre
 10233 | D:13     | Noticed a necromancer
 10233 | D:13     | Noticed a two-headed ogre
 10242 | D:13     | Killed a two-headed ogre
 10246 | D:13     | Killed a two-headed ogre
 10246 | D:13     | Reached XP level 12. HP: 126/126 MP: 14/16
 10495 | D:13     | Found a gate to the Vaults.
 10676 | D:14     | Received a gift from Nemelex Xobeh
 10724 | D:14     | Reached skill level 12 in Unarmed Combat
 10734 | D:14     | Noticed a two-headed ogre
 10743 | D:14     | Killed a two-headed ogre
 10782 | D:14     | Noticed a tengu warrior
 10807 | D:14     | Killed a tengu warrior
 10903 | D:14     | Noticed a tengu warrior
 10922 | D:14     | Killed a tengu warrior
 10972 | D:14     | Noticed a fire dragon
 10982 | D:14     | Killed a fire dragon
 10985 | D:14     | Reached skill level 1 in Armour
 10985 | D:14     | Reached skill level 1 in Shields
 10987 | D:14     | Noticed a great orb of eyes
 11006 | D:14     | Killed a great orb of eyes
 11023 | D:14     | Noticed a tengu warrior
 11032 | D:14     | Killed a tengu warrior
 11044 | D:14     | Noticed a storm dragon
 11050 | D:14     | Noticed a rakshasa
 11073 | D:14     | Killed a storm dragon
 11078 | D:14     | Killed a rakshasa
 11128 | D:14     | Noticed a centaur warrior
 11142 | D:14     | Noticed a deep troll earth mage
 11147 | D:14     | Noticed an ettin
 11165 | D:14     | Noticed a centaur warrior
 11165 | D:14     | Noticed a satyr
 11165 | D:14     | a purple ugly thing changed into a satyr
 11165 | D:14     | Noticed a spark wasp
 11165 | D:14     | a white ugly thing changed into a spark wasp
 11165 | D:14     | Noticed a satyr
 11165 | D:14     | a white ugly thing changed into a satyr
 11165 | D:14     | Noticed a fire dragon
 11165 | D:14     | a purple ugly thing changed into a fire dragon
 11165 | D:14     | a centaur warrior changed into a dream sheep
 11179 | D:14     | Killed a spark wasp
 11185 | D:14     | Killed a fire dragon
 11185 | D:14     | Reached XP level 13. HP: 73/136 MP: 17/17
 11338 | D:14     | Received a gift from Nemelex Xobeh
 11506 | D:14     | Killed an ettin
 11626 | D:14     | Noticed an orc warlord
 11655 | D:14     | Killed an orc warlord
 11655 | D:14     | Reached skill level 5 in Evocations
 11807 | D:14     | Noticed a frost giant
 11815 | D:14     | Killed from afar by a frost giant

Skill      XL: |  1  2  3  4  5  6  7  8  9 10 11 12 13 |
---------------+----------------------------------------+-----
Unarmed Combat | 4 5 6 7 9 10 11 12 | 12.8
Throwing       | 1 2 3 4 5 6 7 |  7.9
Dodging        | 3 4 5 6 7 8 |  8.7
Fighting       | 3 4 5 6 7 |  7.7
Invocations    | 1 2 3 5 6 7 8 |  8.0
Evocations     | 2 3 4 5 |  5.0
Armour         | 1 2 |  2.4
Shields        | 1 2 |  2.4
Stealth        | |  1.0

Action                   |  1- 3 |  4- 6 |  7- 9 | 10-12 | 13-15 || total
-------------------------+-------+-------+-------+-------+-------++-------
Melee: Unarmed           |   116 |   172 |   321 |   471 |    80 ||  1160
       Punch             |     2 |     2 |    10 |    32 |       ||    46
       Headbutt          |       |       |    59 |    93 |    25 ||   177
Throw: Tomahawk          |       |       |       |     3 |       ||     3
       Large rock        |       |       |       |     5 |    23 ||    28
Evoke: Deck              |       |       |     3 |    61 |     8 ||    72
       Wand              |       |       |     1 |    17 |       ||    18
  Use: Scroll            |       |       |    20 |    13 |       ||    33
       Potion            |       |       |     1 |       |       ||     1
 Stab: Sleeping          |     4 |     2 |     3 |     2 |       ||    11
       Paralysed         |       |       |       |     1 |       ||     1
       Distracted        |       |       |       |     3 |       ||     3
  Eat: Chunk             |    17 |    17 |    33 |    44 |     6 ||   117
Armor: Robe              |    45 |    73 |   107 |   124 |       ||   349
       Troll leather arm |       |       |       |    95 |    25 ||   120
Dodge: Dodged            |    55 |    84 |   153 |   262 |    36 ||   590
Block: Shield            |       |       |       |    33 |    42 ||    75
